 Dungeon Crawl Stone Soup version 0.24.0-123-gd5b16e6ec5 (webtiles) character file.

Game seed: 9127462944302060599, levelgen mode: deterministic

692 FishyPogo the Chiller (level 7, -1/51 HPs)
             Began as a Gnoll Ice Elementalist on Jan 2, 2020.
             Was a Follower of Ru.
             Slain by Pikel
             ... wielding a +1 whip of flaming
              (5 damage)
             ... on level 5 of the Dungeon.
             The game lasted 00:12:19 (4363 turns).

FishyPogo the Chiller (Gnoll Ice Elementalist)      Turns: 4363, Time: 00:12:20

Health: -1/51      AC:  5    Str: 14    XL:     7   Next: 63%
Magic:  0/14       EV: 13    Int: 18    God:    Ru [*.....]
Gold:   139        SH:  0    Dex: 15    Spells: 13/16 levels left

rFire    . . .     SeeInvis .   a - +3 spear
rCold    . . .     Gourm    .   (no shield)
rNeg     . . .     Faith    .   o - +0 ring mail (curse)
rPois    .         Spirit   .   (no helmet)
rElec    .         Reflect  .   (no cloak)
rCorr    .         Harm     .   (no gloves)
MR       .....                  (no boots)
Stlth    ++........             (no amulet)
HPRegen  0.17/turn              y - +2 ring of strength
MPRegen  0.14/turn              (no ring)

@: no status effects
A: distributed training, fangs 1, unskilled 1, strong nose
a: Renounce Religion


You were on level 5 of the Dungeon.
You worshipped Ru.
Ru was aware of your devotion.
You were near starving.

You visited 1 branch of the dungeon, and saw 5 of its levels.

You collected 139 gold pieces.

Inventory:

Hand Weapons
 a - a +3 spear (weapon)
 q - a +4 hunting sling
Missiles
 d - 105 stones (quivered)
 u - 3 javelins
 v - 4 poisoned darts
Armour
 j - a +0 robe
 o - a cursed +0 ring mail (worn)
Jewellery
 y - a +2 ring of strength (left hand)
Wands
 x - a wand of paralysis (9)
 A - a wand of digging (6)
Scrolls
 e - a scroll of remove curse {unknown}
 f - 4 scrolls of teleportation {unknown}
 g - 7 scrolls of identify {unknown}
 h - 2 scrolls of fog {unknown}
 i - 2 scrolls of random uselessness {unknown}
 n - a scroll of enchant weapon {unknown}
 r - a scroll of fear {unknown}
 s - a scroll of amnesia {unknown}
 t - a scroll of magic mapping {unknown}
 w - 2 scrolls of enchant armour {unknown}
Potions
 b - a potion of lignification {unknown}
 k - 2 potions of agility {unknown}
 l - a potion of heal wounds
 m - a potion of magic {unknown}
 p - a potion of flight {unknown}
 z - a potion of cancellation {unknown}
 B - a potion of mutation {unknown}
 C - a potion of invisibility {unknown}
Comestibles
 c - 11 rations


   Skills:
 + Level 2.3 Fighting
 + Level 2.3 Short Blades
 + Level 2.3 Long Blades
 + Level 2.3 Axes
 + Level 2.3 Maces & Flails
 + Level 2.3 Polearms
 + Level 2.3 Staves
 + Level 2.3 Slings
 + Level 2.3 Bows
 + Level 2.3 Crossbows
 + Level 2.3 Throwing
 + Level 2.3 Armour
 + Level 4.8 Dodging
 + Level 4.5 Stealth
 + Level 2.3 Shields
 + Level 2.3 Unarmed Combat
 + Level 5.1 Spellcasting
 + Level 2.7 Conjurations
 + Level 1.9 Hexes
 + Level 1.9 Charms
 + Level 1.9 Summonings
 + Level 1.9 Necromancy
 + Level 1.9 Translocations
 + Level 1.9 Transmutations
 + Level 1.9 Fire Magic
 + Level 5.3 Ice Magic
 + Level 1.9 Air Magic
 + Level 1.9 Earth Magic
 + Level 1.9 Poison Magic
 + Level 2.5 Invocations
 + Level 2.3 Evocations


You had 13 spell levels left.
You knew the following spells:

 Your Spells              Type           Power        Failure   Level  Hunger
a - Freeze                Ice            ###.         3%          1    None
b - Throw Frost           Conj/Ice       ###...       8%          2    #......

Your spell library contained the following spells:

 Spells                   Type           Power        Failure   Level  Hunger
 Ozocubu's Armour         Chrm/Ice       ###.....     19%         3    ##.....
 Throw Icicle             Conj/Ice       ###.....     43%         4    ####...
 Summon Ice Beast         Ice/Summ       ###.....     52%         4    ####...


Dungeon Overview and Level Annotations

Branches:
Dungeon (5/15)
 Temple: D:4-7

Altars:
Qazlal
Ru

Annotations:
D:5 Pikel


Innate Abilities, Weirdness & Mutations

Your experience applies equally to all skills.
You have very sharp teeth.
You are somewhat unskilled. (-1 Apt)
Your uncanny sense of smell can sniff out nearby items.


Message History

* * * LOW HITPOINT WARNING * * *
The slave hits you.
* * * LOW HITPOINT WARNING * * *
You hit Pikel but do no damage.
Pikel is severely wounded.
Pikel hits you with a +1 whip of flaming.
* * * LOW HITPOINT WARNING * * *
Pikel burns you.
* * * LOW HITPOINT WARNING * * *
The slave hits you.
* * * LOW HITPOINT WARNING * * *
Casting: Freeze (safe; 3% risk of failure)
Confirm with . or Enter, or press ? or * to list all spells.
Aiming: Freeze (safe; 3% risk of failure)
Press: ? - help, Shift-Dir - straight line, f/p - Pikel
Aim: Pikel, wielding a +1 whip of flaming and wearing a +0 robe (severely wounded)
You freeze Pikel.
Pikel is severely wounded.
Pikel hits you with a +1 whip of flaming.
You die...

...........................
........###..#..###.......[
.............#..# #........
....?.#.........# #........
......#####..#.############
####................#
########.....###.
####Kp...# #..@.....#
####.##..... #.# ..... ####
### ......# #... ......#
#... .....## #... #... #...
#...


You could see Pikel and a slave.

Vanquished Creatures
  An ice beast (D:5)
  3 slaves (D:5)
  A phantom (D:4)
  An ogre (D:5)
  A centaur (D:5)
  A crimson imp (D:5)
  2 hounds
  A bullfrog skeleton (D:5)
  2 worker ants
  Robin (D:2)
  A gnoll (D:1)
  6 adders
  A shadow imp (D:3)
  An ooze (D:4)
  4 worms
  3 dart slugs
  2 leopard geckos
  2 orcs
  2 bat zombies (D:1)
  9 giant cockroaches
  14 goblins
  8 hobgoblins
  5 jackals
  9 kobolds
  2 quokkas
  2 ball pythons
  13 bats
  8 frilled lizards
  6 rats
112 creatures vanquished.

Vanquished Creatures (others)
  A worker ant (D:4)
1 creature vanquished.

Grand Total: 113 creatures vanquished

Notes
Turn   | Place    | Note
-------+----------+-------------------------------------------
     0 | D:1      | FishyPogo the Gnoll Ice Elementalist began the quest for
                  | the Orb.
     0 | D:1      | Reached XP level 1. HP: 13/13 MP: 6/6
   185 | D:1      | Reached XP level 2. HP: 19/19 MP: 4/7
   473 | D:1      | Learned a level 2 spell: Throw Frost
   631 | D:1      | Reached skill level 5 in Spellcasting
   631 | D:1      | Reached XP level 3. HP: 16/25 MP: 0/9
  1185 | D:2      | Reached skill level 1 in Invocations
  1263 | D:2      | Noticed Robin
  1440 | D:2      | Killed Robin
  1440 | D:2      | Reached skill level 1 in Fighting
  1440 | D:2      | Reached skill level 1 in Short Blades
  1440 | D:2      | Reached skill level 1 in Long Blades
  1440 | D:2      | Reached skill level 1 in Axes
  1440 | D:2      | Reached skill level 1 in Maces & Flails
  1440 | D:2      | Reached skill level 1 in Polearms
  1440 | D:2      | Reached skill level 1 in Staves
  1440 | D:2      | Reached skill level 1 in Slings
  1440 | D:2      | Reached skill level 1 in Bows
  1440 | D:2      | Reached skill level 1 in Crossbows
  1440 | D:2      | Reached skill level 1 in Throwing
  1440 | D:2      | Reached skill level 1 in Armour
  1440 | D:2      | Reached skill level 1 in Shields
  1440 | D:2      | Reached skill level 1 in Unarmed Combat
  1440 | D:2      | Reached skill level 1 in Evocations
  1440 | D:2      | Reached XP level 4. HP: 27/32 MP: 2/11
  1627 | D:2      | Found a stormy altar of Qazlal.
  1750 | D:2      | Reached skill level 1 in Hexes
  1750 | D:2      | Reached skill level 1 in Charms
  1750 | D:2      | Reached skill level 1 in Summonings
  1750 | D:2      | Reached skill level 1 in Necromancy
  1750 | D:2      | Reached skill level 1 in Translocations
  1750 | D:2      | Reached skill level 1 in Transmutations
  1750 | D:2      | Reached skill level 1 in Fire Magic
  1750 | D:2      | Reached skill level 1 in Air Magic
  1750 | D:2      | Reached skill level 1 in Earth Magic
  1750 | D:2      | Reached skill level 1 in Poison Magic
  1825 | D:2      | Reached XP level 5. HP: 25/37 MP: 8/12
  1923 | D:2      | Found a faded altar of an unknown god.
  1931 | D:2      | Became a worshipper of Ru the Awakened
  1941 | D:2      | Gained mutation: You are somewhat unskilled. (-1 Apt) [Ru
                  | sacrifice]
  1941 | D:2      | Reached * piety under Ru
  2358 | D:3      | Reached skill level 1 in Hexes
  2358 | D:3      | Reached skill level 1 in Charms
  2358 | D:3      | Reached skill level 1 in Summonings
  2358 | D:3      | Reached skill level 1 in Necromancy
  2358 | D:3      | Reached skill level 1 in Translocations
  2358 | D:3      | Reached skill level 1 in Transmutations
  2358 | D:3      | Reached skill level 1 in Fire Magic
  2358 | D:3      | Reached skill level 1 in Air Magic
  2358 | D:3      | Reached skill level 1 in Earth Magic
  2358 | D:3      | Reached skill level 1 in Poison Magic
  3043 | D:4      | Reached XP level 6. HP: 12/43 MP: 3/13
  3393 | D:4      | Noticed a phantom
  3423 | D:4      | Killed a phantom
  3581 | D:5      | Entered Level 5 of the Dungeon
  3581 | D:5      | Noticed Pikel
  3581 | D:5      | Noticed a slave
  3581 | D:5      | Noticed a slave
  3581 | D:5      | Noticed a slave
  3581 | D:5      | Noticed a slave
  3581 | D:5      | Noticed an ice beast
  3639 | D:5      | Reached skill level 5 in Spellcasting
  3639 | D:5      | Reached XP level 7. HP: 16/50 MP: 3/14
  4363 | D:5      | Slain by Pikel

Levels and vault maps discovered:
D:1:      saegor_arrival_fortress, layout_basic, serial_bayou_ford_a,
          minmay_domino_4
D:2:      minmay_skewed_foursquare, layout_basic,
          chequers_ecumenical_altar_simple, minivault_14,
          hangedman_abyss_or_decor_stabs, minmay_misc_feat_enclosed,
          grunt_ministairs_1, st_stairs_3, grunt_qazlal_sundering, uniq_robin
D:3:      layout_basic
D:4:      layout_rooms
D:5:      layout_basic, first_ration, uniq_pikel

Skill      XL: |  1  2  3  4  5  6 |
---------------+-------------------+-----
Conjurations   | 2 |  2.7
Spellcasting   | 5 4 5 |  5.1
Invocations    | 1 2 |  2.5
Fighting       | 1 2 |  2.3
Short Blades   | 1 2 |  2.3
Long Blades    | 1 2 |  2.3
Axes           | 1 2 |  2.3
Maces & Flails | 1 2 |  2.3
Polearms       | 1 2 |  2.3
Staves         | 1 2 |  2.3
Slings         | 1 2 |  2.3
Bows           | 1 2 |  2.3
Crossbows      | 1 2 |  2.3
Throwing       | 1 2 |  2.3
Armour         | 1 2 |  2.3
Shields        | 1 2 |  2.3
Unarmed Combat | 1 2 |  2.3
Evocations     | 1 2 |  2.3
Hexes          | 1 1 |  1.9
Charms         | 1 1 |  1.9
Summonings     | 1 1 |  1.9
Necromancy     | 1 1 |  1.9
Translocations | 1 1 |  1.9
Transmutations | 1 1 |  1.9
Fire Magic     | 1 1 |  1.9
Air Magic      | 1 1 |  1.9
Earth Magic    | 1 1 |  1.9
Poison Magic   | 1 1 |  1.9
Stealth        | 4 |  4.5
Dodging        | |  4.8
Ice Magic      | |  5.3

Action                   |  1- 3 |  4- 6 |  7- 9 || total
-------------------------+-------+-------+-------++-------
Melee: Unarmed           |    24 |       |       ||    24
       Bite              |     6 |    20 |    10 ||    36
       Spear             |    30 |   202 |    59 ||   291
Throw: Stone             |       |     3 |     8 ||    11
 Cast: Freeze            |    40 |    32 |    26 ||    98
       Throw Frost       |     5 |    24 |    15 ||    44
Invok: Sacrifice Skill   |       |     1 |       ||     1
  Use: Potion            |       |       |     1 ||     1
 Stab: Sleeping          |     6 |     4 |       ||    10
  Eat: Chunk             |     2 |     7 |     1 ||    10
Armor: Robe              |    25 |     7 |       ||    32
       Ring mail         |       |    29 |    17 ||    46
Dodge: Dodged            |    96 |   133 |    31 ||   260
